 Dungeon Crawl Stone Soup version 0.22-a0-248-gc8378ba (webtiles) character file.

28 sankara the Cudgeler (level 3, 0/31 HPs)
             Began as a Hill Orc Fighter on Feb 28, 2018.
             Killed by nerve-wracking pain
             ... invoked by toffzen's ghost
              (3 damage)
             ... on level 3 of the Dungeon.
             The game lasted 00:05:03 (1578 turns).

sankara the Cudgeler (Hill Orc Fighter)             Turns: 1578, Time: 00:05:04

Health: 0/31       AC:  6    Str: 18    XL:     3   Next: 12%
Magic:  0/3        EV: 14    Int:  9    God:
Gold:   103        SH:  5    Dex: 15    Spells: 2/2 levels left

rFire    . . .     SeeInvis .   a - +0 flail
rCold    . . .     Gourm    .   g - +0 buckler
rNeg     . . .     Faith    .   j - +0 scale mail
rPois    .         Spirit   +   (no helmet)
rElec    .         Reflect  .   (no cloak)
rCorr    .         Harm     .   (no gloves)
MR       .....                  (no boots)
Stlth    +.........             o - amulet of guardian spirit {Spirit}
HPRegen  0.10/turn              (no ring)
MPRegen  0.08/turn              (no ring)

@: agile
A: no striking features
a: no special abilities


You were on level 3 of the Dungeon.
You were very hungry.

You visited 1 branch of the dungeon, and saw 3 of its levels.

You collected 103 gold pieces.

Inventory:

Hand Weapons
 a - a +0 flail (weapon)
 b - a +0 hunting sling
   (You found it on level 1 of the Dungeon)
Missiles
 e - 115 stones (quivered)
Armour
 c - a +0 shield
 g - a +0 buckler (worn)
   (You found it on level 2 of the Dungeon)
 j - a +0 scale mail (worn)
Jewellery
 o - an amulet of guardian spirit (around neck) {Spirit}
   (You found it on level 2 of the Dungeon)
 p - an uncursed ring of ice {rC+, rF-}
   (You found it on level 3 of the Dungeon)
Scrolls
 h - 2 scrolls of immolation {unknown}
 i - 3 scrolls of teleportation {unknown}
 k - a scroll of noise {unknown}
 l - 2 scrolls of identify {unknown}
Potions
 d - a potion of might
 m - a potion of curing
Comestibles
 f - 2 rations


   Skills:
 - Level 3.6 Fighting
 + Level 3.8 Maces & Flails
 - Level 3.2 Armour
 + Level 3.3 Shields


You had 2 spell levels left.
You didn't know any spells.

Dungeon Overview and Level Annotations

Branches:
Dungeon (3/15)

Altars:
Nemelex Xobeh

Annotations:
D:3 toffzen's ghost, amateur MiNe


Message History

There is a stone staircase leading up here.
You open the door.
There is an open door here.
You now have 84 gold pieces (gained 8).
p - a shiny bone ring
m - 2 purple potions (gained 1)
Found a stone staircase leading up.
Put on which piece of jewellery? (? for menu, Esc to quit)
You feel more attuned to ice.
p - a ring of ice (left hand)
You are feeling very hungry.
Remove which piece of jewellery? (? for menu, Esc to quit)
You remove your ring of ice {rC+, rF-}.
You now have 103 gold pieces (gained 19).
Toffzen's ghost (amateur Minotaur Necromancer) comes into view.
Toffzen's ghost turns its malevolent gaze towards you.
It was a potion of agility.
You feel agile all of a sudden.
Press: ? - help, v - describe, . - travel
Here: toffzen's ghost The floor.
It was a potion of curing.
You feel better.
Toffzen's ghost hits you but does no damage.
You hit toffzen's ghost.
Toffzen's ghost is lightly damaged.
You block toffzen's ghost's attack.
You barely miss toffzen's ghost.
Toffzen's ghost is lightly damaged.
You block toffzen's ghost's attack.
You hit toffzen's ghost.
Toffzen's ghost is moderately damaged.
Toffzen's ghost ripples.
You block toffzen's ghost's attack.
You closely miss toffzen's ghost.
Toffzen's ghost is moderately damaged.
Toffzen's ghost misses you.
You closely miss toffzen's ghost.
Toffzen's ghost is moderately damaged.
Toffzen's ghost closely misses you.
Toffzen's ghost points at you and mumbles some strange words.
Pain shoots through your body!
You closely miss toffzen's ghost.
Toffzen's ghost is moderately damaged.
Toffzen's ghost misses you.
You closely miss toffzen's ghost.
Toffzen's ghost is moderately damaged.
Toffzen's ghost barely misses you.
You hit toffzen's ghost.
Toffzen's ghost is moderately damaged.
You block toffzen's ghost's attack.
You hit toffzen's ghost.
Toffzen's ghost is moderately damaged.
Toffzen's ghost hits you but does no damage.
Toffzen's ghost gestures at you while chanting.
Pain shoots through your body!
You closely miss toffzen's ghost.
Toffzen's ghost is moderately damaged.
Toffzen's ghost hits you but does no damage.
You closely miss toffzen's ghost.
Toffzen's ghost is moderately damaged.
Toffzen's ghost whispers, "The ORB doesn't exist."
You block toffzen's ghost's attack.
You completely miss toffzen's ghost.
Toffzen's ghost is moderately damaged.
Toffzen's ghost hits you.
You hit toffzen's ghost but do no damage.
Toffzen's ghost is moderately damaged.
You block toffzen's ghost's attack.
You closely miss toffzen's ghost.
Toffzen's ghost is moderately damaged.
Toffzen's ghost points at you and mumbles some strange words.
You barely resist.
Toffzen's ghost gestures at you while chanting.
Pain shoots through your body!
You are too injured to fight recklessly!
You are too injured to fight recklessly!
You are too injured to fight recklessly!
You sock toffzen's ghost!
Toffzen's ghost is heavily damaged.
Toffzen's ghost points at you and mumbles some strange words.
Pain shoots through your body!
* * * LOW HITPOINT WARNING * * *
You closely miss toffzen's ghost.
Toffzen's ghost is heavily damaged.
Toffzen's ghost points at you and mumbles some strange words.
Pain shoots through your body!
* * * LOW HITPOINT WARNING * * *
You hit toffzen's ghost.
Toffzen's ghost is severely damaged.
Toffzen's ghost barely misses you.
You hit toffzen's ghost but do no damage.
Toffzen's ghost is severely damaged.
Toffzen's ghost casts a spell at you. Pain shoots through your body!
* * * LOW HITPOINT WARNING * * *
You hit toffzen's ghost but do no damage.
Toffzen's ghost is severely damaged.
Toffzen's ghost gestures at you while chanting.
Pain shoots through your body!
You die...

###########.#.
#.....@W......
#.#########.#.
#.# #.# #.#
#.# #.# #.#
#.#


You could see toffzen's ghost.

Vanquished Creatures
  3 leopard geckos
  2 giant cockroaches
  3 goblins (D:1)
  A hobgoblin (D:2)
  5 kobolds
  4 bats
  4 frilled lizards
  4 rats (D:1)
26 creatures vanquished.

Notes
Turn   | Place    | Note
-------+----------+-------------------------------------------
     0 | D:1      | sankara the Hill Orc Fighter began the quest for the Orb.
     0 | D:1      | Reached XP level 1. HP: 19/19 MP: 1/1
    99 | D:1      | Found a sparkling altar of Nemelex Xobeh.
   236 | D:1      | Reached skill level 3 in Maces & Flails
   236 | D:1      | Reached XP level 2. HP: 26/26 MP: 2/2
  1001 | D:2      | Reached XP level 3. HP: 31/31 MP: 3/3
  1555 | D:3      | Noticed toffzen's ghost (amateur MiNe)
  1574 | D:3      | HP: 6/31 [toffzen's ghost/nerve-wracking pain (4)]
  1578 | D:3      | Killed from afar by toffzen's ghost

Vault maps used:
D:1:      saegor_arrival_simple_f, nemelex_xobeh_ov_fountains_minmay
D:2:      kennysheep_generic_room_10
D:3:      grunt_temple_overflow_magic_moments, chequers_ecumenical_altar_twisty

Skill      XL: |  1 |
---------------+----+-----
Maces & Flails | 3 |  3.8
Fighting       | |  3.6
Armour         | |  3.2
Shields        | |  3.3

Action                   || total
-------------------------++-------
Melee: Flail             ||    97
 Fire: Hunting sling     ||     3
  Use: Potion            ||     2
  Eat: Chunk             ||     1
Armor: Scale mail        ||    34
Dodge: Dodged            ||    28
Block: Shield            ||    47
       Buckler           ||    13

Table legend:
 A = Spawn XP
 B = Non-spawn XP
 C = Spawn XP percentage of total XP
 D = Spawn monster count
 E = Non-spawn monster count
 F = Spawn count percentage of total count
 G = Total turns spent on level
                    A         B        C        D         E        F      G
               +---------+---------+-------+---------+---------+-------+---------
         Total |       0 |      40 |   0.0 |       0 |      26 |   0.0 |  1578
               +---------+---------+-------+---------+---------+-------+---------
           D:1 |       0 |      27 |   0.0 |       0 |      17 |   0.0 |   886
           D:2 |       0 |      13 |   0.0 |       0 |       9 |   0.0 |   605
               +---------+---------+-------+---------+---------+-------+---------

Vault maps used:
D:1:      saegor_arrival_simple_f, nemelex_xobeh_ov_fountains_minmay
D:2:      kennysheep_generic_room_10
D:3:      grunt_temple_overflow_magic_moments, chequers_ecumenical_altar_twisty

Table legend:
 A = Turns spent in this place as a percentage of turns spent in the entire game.
 B = Non-inter-level travel turns spent in this place as a percentage of non-inter-level travel turns spent in the entire game.
 C = Inter-level travel turns spent in this place as a percentage of turns spent in this place.
 D = Turns resting spent in this place as a percentage of non-inter-level travel turns spent in this place.
 E = Turns spent auto-exploring this place as a percentage of non-inter-level travel turns spent in this place.
 F = Non-inter-level travel turns spent in this place divided by the number of levels of this place that you've seen.
                   A       B       C       D       E      F
               +-------+-------+-------+-------+-------+----------------------
         Total | 100.0 | 100.0 |   3.0 |   5.0 |  77.9 | 510.0
       Dungeon | 100.0 | 100.0 |   3.0 |   5.0 |  77.9 | 510.0
               +-------+-------+-------+-------+-------+----------------------

Table legend:
 A = Kills in this place as a percentage of kills in entire the game.
 B = Kills by you in this place as a percentage of kills by you in the entire game.
 C = Kills by friends in this place as a percentage of kills by friends in the entire game.
 D = Other kills in this place as a percentage of other kills in the entire game.
 E = Experience gained in this place as a percentage of experience gained in the entire game.
 F = Experience gained in this place divided by the number of levels of this place that you have seen.
                   A       B       C       D       E      F
               +-------+-------+-------+-------+-------+----------------------
         Total | 100.0 | 100.0 |   N/A |   N/A | 100.0 |  13.3
       Dungeon | 100.0 | 100.0 |   N/A |   N/A | 100.0 |  13.3
               +-------+-------+-------+-------+-------+----------------------
